 Dungeon Crawl Stone Soup version 0.29-a0-824-gd827844252 (webtiles) character file.

Game seed: 5721995299363247493

62 coolguy69 the Cutter (level 4, -1/24 HPs)
             Began as a Vine Stalker Monk on July 10, 2022.
             Constricted to death by Ijyb (3 damage)
             ... on level 3 of the Dungeon.
             The game lasted 00:01:23 (1653 turns).

coolguy69 the Cutter (Vine Stalker Monk)            Turns: 1653, Time: 00:01:25

Health: -1/24      AC:  2    Str: 15    XL:     4   Next: 8%
Magic:  0/5        EV: 10    Int: 10    God:
Gold:   99         SH:  0    Dex: 17    Spells: 3/3 levels left

rFire   . . .      SeeInvis .   d - +2 dagger (drain)
rCold   . . .      Faith    .   (no shield)
rNeg    . . .      Spirit   +   b - +0 robe
rPois   .          Reflect  .   (no helmet)
rElec   .          Harm     .   (no cloak)
rCorr   .          Rampage  .   (no gloves)
Will    .....                   (no boots)
Stlth   ++........              i - amulet of magic regeneration
HPRegen 0.88/turn               (no ring)
MPRegen 0.49/turn               (no ring)

@: grasped by roots, constricted
A: fangs 2, regeneration 1, magic shield, antimagic bite, no potion heal 2
a: no special abilities


You were on level 3 of the Dungeon.
You visited 1 branch of the dungeon, and saw 3 of its levels.

You collected 99 gold pieces.

Inventory:

Hand Weapons
 d - a +2 dagger of draining (weapon)
Armour
 b - a +0 robe (worn)
 h - a +4 scale mail of cold resistance
Jewellery
 i - an amulet of magic regeneration (around neck)
Scrolls
 a - a scroll of identify {unknown}
 e - a scroll of teleportation {unknown}
 g - 4 scrolls of noise {unknown}
 j - a scroll of fear {unknown}
Potions
 c - a potion of ambrosia
 f - 2 potions of magic {unknown}


   Skills:
 + Level 3.2 Fighting
 + Level 3.3 Short Blades
 + Level 2.8 Dodging
 + Level 3.2 Stealth


You had 3 spell levels left.
You didn't know any spells.
Your spell library was empty.

Dungeon Overview and Level Annotations

Branches:
Dungeon (3/15)

Altars:

Annotations:
D:3 Ijyb


Innate Abilities, Weirdness & Mutations

You have extremely sharp teeth.
Your natural rate of healing is unusually fast.
When hurt, damage is shared between your health and your magic reserves.
Your bite disrupts and absorbs the magic of your enemies.
Potions cannot restore your health.


Message History

The kobold throws a stone.
The stone hits you.
The rat moves out of view.
The kobold closely misses you.
A rat comes into view.
The ball python hisses angrily.
You hit the kobold.
You kill the kobold!
Ijyb zaps a wand.
The roots erupt in riotous growth!
The grasping roots grab you! The grasping roots constrict you!
You escape the roots grasp.
Ijyb hits you with a +0 dagger.
You barely miss Ijyb. You bite Ijyb, but do no damage.
The rat twitches its whiskers.
Ijyb zaps a wand.
The roots erupt in riotous growth!
The grasping roots grab you!
Ijyb is unaffected.
The ball python is unaffected.
The grasping roots constrict you.
Unknown command.
You hit Ijyb but do no damage. You bite Ijyb, but do no damage.
The ball python misses you. Ijyb hits you with a +0 dagger.
The grasping roots constrict you.
Unknown command.
You hit Ijyb. Your bite misses Ijyb.
Ijyb is lightly wounded.
The ball python bites you. Ijyb closely misses you.
The grasping roots constrict you.
* * * LOW HITPOINT WARNING * * *
Unknown command.
You barely miss Ijyb.
Ijyb is lightly wounded.
The ball python barely misses you. Ijyb hits you but does no damage.
The grasping roots constrict you.
* * * LOW HITPOINT WARNING * * *
Unknown command.
The roots grasp on you weakens, but your attempt to escape fails.
The ball python barely misses you.
The ball python bites you but does no damage.
Ijyb hits you with a +0 dagger.
* * * LOW HITPOINT WARNING * * *
The grasping roots constrict you.
You die...

#### #..
######.#####
#....#.#...#
#........#.#
..#####'#.#<..#
8!..........###
....#....##.#
.. +.r@..#.#
#..gS.#.#
#..r..#.#
#........
#....##..
#..... ..#
#..... .#
#.....# #


You could see Ijyb, a ball python and 2 rats.

Vanquished Creatures
  Terence (D:2)
  A dart slug (D:1)
  5 ball pythons
  7 bats
  An endoplasm (D:1)
  A giant cockroach (D:1)
  3 goblins
  2 hobgoblins (D:1)
  3 jackals (D:1)
  4 frilled lizards
  4 kobolds
  3 rats
35 creatures vanquished.

Vanquished Creatures (others)
  10 plants (D:1)
10 creatures vanquished.

Grand Total: 45 creatures vanquished

Notes
Turn   | Place    | Note
-------+----------+-------------------------------------------
     0 | D:1      | coolguy69 the Vine Stalker Monk began the quest for the
                  | Orb.
     0 | D:1      | Reached XP level 1. HP: 11/11 MP: 2/2
    98 | D:1      | Reached XP level 2. HP: 12/16 MP: 3/3
   562 | D:1      | Reached XP level 3. HP: 20/20 MP: 4/4
   808 | D:1      | Found a faded altar of an unknown god.
  1246 | D:2      | Noticed Terence
  1260 | D:2      | Killed Terence
  1261 | D:2      | Gained mutation: Your natural rate of healing is unusually
                  | fast. [Vine Stalker growth]
  1261 | D:2      | Reached XP level 4. HP: 6/24 MP: 1/5
  1644 | D:3      | Noticed Ijyb
  1653 | D:3      | Constricted to death by Ijyb

Illustrated notes

Levels and vault maps discovered:
D:1:      lemuel_arrival_lava_pool, layout_rooms,
          hellmonk_ecumenical_altar_zigzags, serial_bayou_lagoon_b
D:2:      layout_basic, uniq_terence
D:3:      layout_basic, eat_drink_and_be_merry_uskayaw, portal_sewer_entry_b,
          uniq_ijyb

Skill      XL: |  1  2  3 |
---------------+----------+-----
Short Blades   | 3 |  3.3
Fighting       | 3 |  3.2
Stealth        | 3 |  3.2
Dodging        | |  2.8

Action                   |  1- 3 |  4- 6 || total
-------------------------+-------+-------++-------
Melee: Dagger            |    56 |    13 ||    69
       Bite              |     6 |     4 ||    10
       Short sword       |     2 |       ||     2
       Punch             |     1 |       ||     1
 Stab: Sleeping          |     6 |     2 ||     8
Armor: Robe              |     9 |     3 ||    12
Dodge: Dodged            |    38 |     9 ||    47

Table legend: (Time is in decaauts)
 A = Elapsed time spent in this place.
 B = Non-inter-level travel time spent in this place.
 C = Inter-level travel time spent in this place.
 D = Time resting spent in this place.
 E = Time spent auto-exploring this place.
 F = Levels seen in this place.
 G = Mean time per level.
                   A        B        C        D        E       F      G
               +--------+--------+--------+--------+--------+-----+--------+
         Total |   1659 |   1614 |     45 |     26 |   1356 |   3 |  553.0 |
       Dungeon |   1659 |   1614 |     45 |     26 |   1356 |   3 |  553.0 |
               +--------+--------+--------+--------+--------+-----+--------+

Top non-repeatable levels by time:
     D:1: 909 daAuts
     D:2: 733 daAuts
     D:3: 15 daAuts
